 Dungeon Crawl Stone Soup version 0.27-a0-988-g25969acef8 (webtiles) character file.

Game seed: 8269581588910473920

38 runemasterragnar the Sneak (level 3, -3/45 HPs)
             Began as a Djinni Delver on Apr 16, 2021.
             Slain by a river rat (4 damage)
             ... on level 5 of the Dungeon.
             The game lasted 00:01:02 (134 turns).

runemasterragnar the Sneak (Djinni Delver)           Turns: 134, Time: 00:01:03

Health: -3/45      AC:  4    Str: 12    XL:     3   Next: 43%
Gold:   13         EV: 12    Int: 11    God:
                   SH:  0    Dex: 14

rFire    + + .     SeeInvis .   a - +0 falchion
rCold    x . .     Faith    .   (no shield)
rNeg     . . .     Spirit   .   b - +0 leather armour
rPois    ∞         Reflect  .   i - +0 helmet
rElec    .         Harm     .   (no cloak)
rCorr    .         Rampage  .   (no gloves)
Will     .....                  (boots unavailable)
Stlth    ..........             (no amulet)
HPRegen  0.15/turn              (no ring)
MPRegen  0.00/turn              (no ring)

@: berserking, flying, hasted (expiring), very quick
A: fire resistance 2, cold vulnerability 1, float, innate caster, hp casting,
extra vitality 1
a: no special abilities


You were on level 5 of the Dungeon.
You visited 1 branch of the dungeon, and saw 2 of its levels.

You collected 13 gold pieces.

Inventory:

Hand Weapons
 a - a +0 falchion (weapon)
Armour
 b - a +0 leather armour (worn)
 i - a +0 helmet (worn)
Wands
 g - a wand of digging (3)
Scrolls
 c - a scroll of fog
 d - a scroll of enchant armour {unknown}
 e - a scroll of fear


   Skills:
 + Level 3.2 Fighting
 + Level 2.0 Long Blades
 + Level 0.2 Armour
 + Level 2.3 Dodging
 + Level 4.7 Stealth


You had one spell level left.
You knew the following spells:

 Your Spells              Type           Power      Damage    Failure   Level
a - Apportation           Tloc           0%         N/A       41%         1
Your spell library was empty.

Dungeon Overview and Level Annotations

Branches:
Dungeon (6/15)
 Temple: D:4-7

Altars:

Portals:
Sewer: D:5


Innate Abilities, Weirdness & Mutations

You are immune to poison.
Your flesh is very heat resistant. (rF++)
You are vulnerable to cold. (rC-)
You float through the air rather than walking.
You learn spells naturally, not from books.
Your magical power is your life essence.
You have superior vitality. (+4 HP)


Message History

You barely miss the adder.
The adder is lightly wounded.
The adder barely misses you.
You riposte.
You slash the adder!
The adder is severely wounded.
You hit the adder.
You kill the adder!
Your Long Blades skill increases to level 2!
You closely miss the river rat.
The river rat is lightly wounded.
The river rat bites you!
* * * LOW HITPOINT WARNING * * *
You hit the river rat.
The river rat is lightly wounded.
The river rat bites you.
* * * LOW HITPOINT WARNING * * *
You hit the river rat but do no damage.
The river rat is lightly wounded.
It was a potion of berserk rage.
A red film seems to cover your vision as you go berserk!
You feel yourself moving faster!
You feel mighty!
The river rat bites you but does no damage.
You hit the river rat but do no damage.
The river rat is lightly wounded.
The river rat barely misses you.
You barely miss the river rat.
The river rat is lightly wounded.
Your extra speed is starting to run out.
The river rat barely misses you.
You riposte.
You hit the river rat but do no damage.
The river rat is lightly wounded.
You hit the river rat.
The river rat is moderately wounded.
The river rat bites you.
* * * LOW HITPOINT WARNING * * *
You hit the river rat.
The river rat is heavily wounded.
You closely miss the river rat.
The river rat is heavily wounded.
The river rat bites you.
You die...

......##.##.#.# #..#
##.#.###....#.# #.##
*#.#.##.......# #.#
,..#.##.......# #.#
####.##.......####.####
,,,#......!...##......#
**,#..........##.#....#
,,,,..........##......#
,,,......O....##@#....#
,*,,,,,,,#######r##.#.#
,,,,,,,**#∩≈≈S.#w.....#
,,,*,,,* #≈≈≈≈......###
,,****,* #≈≈≈w.######
,,,,,*,* #≈≈≈w.*
*,**,*,* #≈....*
*,,,,,,**###...*
****,,,,,,,..##*


You could see a worm and a river rat.

Vanquished Creatures
  A bullfrog skeleton (D:5)
  An adder (D:5)
  A ball python (D:5)
3 creatures vanquished.

Notes
Turn   | Place    | Note
-------+----------+-------------------------------------------
     0 | D:5      | runemasterragnar the Djinni Delver began the quest for the
                  | Orb.
     0 | D:5      | Reached XP level 1. HP: 20/20 MP: 0/0
     6 | D:6      | Noticed a two-headed ogre
    72 | D:5      | Reached XP level 2. HP: 15/25 MP: 0/0
    72 | D:5      | Reached XP level 3. HP: 18/30 MP: 0/0
    72 | D:5      | Learned a level 1 spell: Apportation
    74 | D:5      | Noticed an ogre
   100 | D:5      | Found a glowing drain.
   127 | D:5      | HP: 1/30 [river rat (5)]
   132 | D:5      | HP: 1/45 [river rat (2)]
   134 | D:5      | Slain by a river rat

Illustrated notes

Levels and vault maps discovered:
D:5:      layout_loops_cross, portal_sewer_entry_b, minmay_misc_feat_diagonals,
          uniq_sigmund
D:6:      layout_loops_cross, gammafunk_ghost_grave

Skill      XL: |  1  2  3 |
---------------+----------+-----
Long Blades    | 2 |  2.0
Fighting       | |  3.2
Armour         | |  0.2
Dodging        | |  2.3
Stealth        | |  4.7

Action                   || total
-------------------------++-------
Melee: Falchion          ||    34
  Use: Scroll            ||     1
       Potion            ||     2
Armor: Leather armour    ||     8
Dodge: Dodged            ||    21
       Rpst.: Falchion   ||     9

Table legend: (Time is in decaauts)
 A = Elapsed time spent in this place.
 B = Non-inter-level travel time spent in this place.
 C = Inter-level travel time spent in this place.
 D = Time resting spent in this place.
 E = Time spent auto-exploring this place.
 F = Levels seen in this place.
 G = Mean time per level.
                   A        B        C        D        E       F      G
               +--------+--------+--------+--------+--------+-----+--------+
         Total |    129 |    129 |      0 |      0 |      0 |   2 |   64.5 |
       Dungeon |    129 |    129 |      0 |      0 |      0 |   2 |   64.5 |
               +--------+--------+--------+--------+--------+-----+--------+

Top non-repeatable levels by time:
     D:5: 127 daAuts
     D:6: 1 daAuts
